 Dungeon Crawl Stone Soup version 0.31.0-9-g3a7656b989 (webtiles) character file.

Game seed: 17977481005085663435

392 tsouns the Poker (level 6, -4/51 HPs)
             Began as a Merfolk Reaver on Jan 24, 2024.
             Was an Initiate of Ru.
             Slain by Grinder (6 damage)
             ... on level 4 of the Dungeon.
             The game lasted 00:05:33 (3072 turns).

tsouns the Poker (Merfolk Reaver)                   Turns: 3072, Time: 00:05:33

Health: -4/51      AC:  5    Str: 13    XL:     6   Next: 81%
Magic:  9/9        EV: 12    Int: 14    God:    Ru [......]
Gold:   163        SH:  0    Dex: 10    Spells: 8/9 levels left

rFire   . . .        a - +0 spear
rCold   . . .        (no shield)
rNeg    . . .        g - +2 robe
rPois   .            (no helmet)
rElec   .            (no cloak)
rCorr   .            (no gloves)
SInv    .            h - +0 pair of boots
Will    .....        (no amulet)
Stlth   +            (no ring)
HPRegen 0.28/turn    (no ring)
MPRegen 0.11/turn

%: no passive effects
@: no status effects
A: (nimble swimmer 2), mertail, clumsy 1
a: Renounce Religion


You were on level 4 of the Dungeon.
You worshipped Ru.
Ru was noncommittal.
You visited 1 branch of the dungeon, and saw 4 of its levels.

You collected 163 gold pieces.

Inventory:

Hand Weapons
 a - a +0 spear (weapon)
Armour
 b - a +0 leather armour
 g - a +2 robe (worn)
 h - a +0 pair of boots (worn)
Jewellery
 d - an amulet of faith
 e - an amulet of faith
Scrolls
 c - 3 scrolls of identify
 i - a scroll of enchant weapon
 k - a scroll of blinking {unknown}
 m - a scroll of immolation {unknown}
Potions
 f - 3 potions of attraction


   Skills:
 + Level 5.6 Fighting
 + Level 7.4 Polearms
 - Level 2.6 Dodging
 - Level 2.0 Spellcasting
 - Level 2.4 Conjurations


You had 8 spell levels left.
You knew the following spells:

 Your Spells              Type           Power      Damage    Failure   Level
a - Kiss of Death         Conj/Necr      16%        2d6       14%         1

Your spell library contained the following spells:

 Spells                   Type           Power      Damage    Failure   Level
 Momentum Strike          Conj/Tloc      8%         3d8       22%         2
 Hailstorm                Conj/Ice       4%         3d5       41%         3
 Vhi's Electric Charge    Tloc/Air       2%         N/A       93%         4
 Arcjolt                  Conj/Air       2%         1d12      99%         5
 Plasma Beam              Fire/Air       0%         2x1d10    100%        6


Dungeon Overview and Level Annotations

Branches:
Dungeon (4/15)
 Temple: D:4-7

Altars:
Ru
Wu Jian

Shops:
D:4 (

Annotations:
D:4 Grinder


Innate Abilities, Weirdness & Mutations

((You are very nimble when in or above water. (Stealth+, EV+, Speed+++)))
Your lower body shifts to a powerful aquatic tail in water.
You are clumsy. (Dex -2)


Message History

* * * LOW HITPOINT WARNING * * *
As you read the scroll labelled BAH PAWAEV, it crumbles to dust.
It is a scroll of identify.
i - a scroll of enchant weapon Grinder hits you.
* * * LOW HITPOINT WARNING * * *
You writhe in agony.
* * * LOW HITPOINT WARNING * * *
You hit Grinder.
Grinder is lightly wounded.
Grinder blinks!
Grinder says, "What is the universe for?"
You see here a coppery potion.
It was a potion of mutation.
You feel extremely strange.
You feel clumsy.
You hit Grinder but do no damage.
Grinder is lightly wounded.
Grinder hits you but does no damage.
You hit Grinder.
Grinder is lightly wounded.
You hit Grinder but do no damage.
Grinder is lightly wounded.
Grinder closely misses you.
You closely miss Grinder.
Grinder is lightly wounded.
Grinder hits you.
* * * LOW HITPOINT WARNING * * *
You writhe in agony.
* * * LOW HITPOINT WARNING * * *
Unknown command.
You hit Grinder but do no damage.
Grinder is lightly wounded.
You hit Grinder but do no damage.
Grinder is lightly wounded.
Grinder hits you but does no damage.
You hit Grinder but do no damage.
Grinder is lightly wounded.
Grinder hits you.
You die...
Grinder says, "Now the real fun starts!"

##. .. #.# ##### ..###..
#... ..$)...#####.# ..
#.......#####
..#.#.......##.. . ##.
......∩.∩...##.# # . .. .
....#..@5...##.##.# ##.#
.##....#.∩.∩.........#
.... ..
.......#...####.####
#.##.#.##...######## #.#
.......##... #.# ...#.#
...###### #.# [....#
#.......#######.#
...#...##..####.#.......#
.#.#.#.##..#......#######


You could see Grinder.

Vanquished Creatures
  Sigmund (D:4)
  2 bombardier beetles
  A hound (D:4)
  2 orc wizards (D:3)
  4 adders
  2 ribbon worms (D:2)
  A dart slug (D:3)
  5 orcs (D:3)
  A bat (D:2)
  3 endoplasms
  3 giant cockroaches
  9 goblins
  4 hobgoblins
  2 quokkas
  7 ball pythons
  2 frilled lizards
  A rat (D:3)
50 creatures vanquished.

Vanquished Creatures (others)
  An orc (D:3)
1 creature vanquished.

Grand Total: 51 creatures vanquished

Notes
Turn   | Place    | Note
-------+----------+-------------------------------------------
     0 | D:1      | tsouns the Merfolk Reaver began the quest for the Orb.
     0 | D:1      | Reached XP level 1. HP: 16/16 MP: 3/3
   616 | D:2      | Reached XP level 2. HP: 13/23 MP: 5/5
   818 | D:2      | Reached XP level 3. HP: 24/29 MP: 6/6
  1098 | D:2      | Reached skill level 5 in Polearms
  1709 | D:3      | Reached XP level 4. HP: 31/37 MP: 7/7
  1970 | D:3      | Reached XP level 5. HP: 29/38 MP: 6/8
  1993 | D:3      | Reached skill level 6 in Polearms
  2301 | D:3      | Found a sacrificial altar of Ru.
  2305 | D:3      | Found an ornate altar of the Wu Jian Council.
  2328 | D:3      | Became a worshipper of Ru the Awakened
  2719 | D:4      | Reached XP level 6. HP: 27/50 MP: 9/9
  2846 | D:4      | Noticed Sigmund
  2867 | D:4      | Killed Sigmund
  2868 | D:4      | Reached skill level 5 in Fighting
  2868 | D:4      | Reached skill level 7 in Polearms
  3028 | D:4      | Found Systryin's Weapon Boutique.
  3036 | D:4      | Noticed Grinder
  3043 | D:4      | Paralysed by Grinder for 5 turns
  3054 | D:4      | Paralysed by Grinder for 5 turns
  3065 | D:4      | Gained mutation: You are clumsy. (Dex -2) [potion of
                  | mutation]
  3069 | D:4      | HP: 1/51 [Grinder (6)]
  3072 | D:4      | Slain by Grinder

Illustrated notes

Levels and vault maps discovered:
D:1:      lemuel_arrival_broad_hall, layout_basic
D:2:      layout_loops_corners
D:3:      layout_basic, grunt_temple_overflow_open
D:4:      layout_loops_cross, serial_shops,
          nicolae_shop_competitors_out_of_business,
          nicolae_shop_distant_corner_stores, minmay_diced_spiral, uniq_grinder,
          uniq_sigmund

Skill      XL: |  1  2  3  4  5  6 |
---------------+-------------------+-----
Fighting       | 3 4 5 |  5.6
Polearms       | 5 6 7 |  7.4
Dodging        | |  2.6
Spellcasting   | |  2.0
Conjurations   | |  2.4

Action                     |  1- 3 |  4- 6 || total
---------------------------+-------+-------++-------
  Melee: Spear             |   120 |   177 ||   297
         Punch             |     1 |     3 ||     4
   Cast: Kiss of Death     |     2 |     3 ||     5
    Use: Potion            |       |     6 ||     6
         Scroll            |       |     1 ||     1
   Stab: Invisible         |       |     3 ||     3
 Armour: Leather armour    |    39 |    68 ||   107
         Robe              |       |    13 ||    13
  Dodge: Dodged            |    46 |    68 ||   114
